 Dungeon Crawl Stone Soup version 0.26-a0-651-gb41185065b (webtiles) character file.

Game seed: 16345425224548307522

161 kae the Ruffian (level 5, 0/44 HPs)
             Began as a Naga Transmuter on Oct 29, 2020.
             Killed from afar by an orc wizard (9 damage)
             ... with a puff of flame
             ... on level 3 of the Dungeon.
             The game lasted 00:03:07 (4656 turns).

kae the Ruffian (Naga Transmuter)                   Turns: 4656, Time: 00:03:08

Health: 0/44       AC:  2    Str: 13    XL:     5   Next: 42%
Magic:  8/8        EV: 10    Int: 14    God:
Gold:   193        SH:  0    Dex: 11    Spells: 4/8 levels left

rFire    . . .     SeeInvis +     - Unarmed
rCold    . . .     Faith    .   (no shield)
rNeg     . . .     Spirit   .   a - +0 robe
rPois    +         Reflect  .   (helmet currently unavailable)
rElec    .         Harm     .   (no cloak)
rCorr    .         Rampage  .   (no gloves)
MR       .....                  (no barding)
Stlth    +.........             (no amulet)
HPRegen  0.14/turn              (no ring)
MPRegen  0.11/turn              (no ring)

@: confused, lethally poisoned (0 -> -12), appendages, very slightly
contaminated, very slow
A: large, horns 2, see invisible, deformed body, poison resistance, slowness 2,
spit poison 1, AC +1
a: Spit Poison, End Transformation


You were on level 3 of the Dungeon.
You had grown temporary horns.
You visited 1 branch of the dungeon, and saw 3 of its levels.

You collected 193 gold pieces.

Inventory:

Armour
 a - a +0 robe (worn)
Wands
 g - a wand of iceblast (6)
 h - a wand of digging (4)
Scrolls
 b - 3 scrolls of identify
 c - a scroll of remove curse
 e - a scroll of amnesia
 f - a scroll of teleportation
 l - a scroll of random uselessness {unknown}
Potions
 d - a potion of flight
 i - a potion of brilliance
 j - a potion of invisibility


   Skills:
 - Level 1.0 Fighting
 - Level 1.5 Dodging
 + Level 4.7 Unarmed Combat
 - Level 2.0 Spellcasting
 + Level 4.0 Transmutations


You had 4 spell levels left.
You knew the following spells:

 Your Spells              Type           Power        Failure   Level
a - Beastly Appendage     Tmut           ##....       4%          1
b - Spider Form           Tmut/Pois      #.........   30%         3

Your spell library contained the following spells:

 Spells                   Type           Power        Failure   Level
 Wereblood                Tmut           ##......     7%          2
 Ice Form                 Ice/Tmut       #.......     71%         4
 Blade Hands              Tmut           ##........   77%         5


Dungeon Overview and Level Annotations

Branches:
Dungeon (3/15)

Altars:


Innate Abilities, Weirdness & Mutations

You cannot wear boots.
Your serpentine skin is tough. (AC +1)
You have supernaturally acute eyesight. (SInv)
Armour fits poorly on your strangely shaped body.
Your system is resistant to poisons. (rPois)
You cover ground very slowly.
You can spit poison.
You have a pair of horns on your head.


Message History

The orc priest closely misses you.
It was a potion of ambrosia.
You are confused.
You feel invigorated.
The orc wizard hits you but does no damage.
The orc barely misses you. The orc priest hits you with a +0 mace!
* * * LOW HITPOINT WARNING * * *
You closely miss the orc priest.
The orc priest is moderately wounded.
The orc wizard hits you with a +1 dagger of venom.
* * * LOW HITPOINT WARNING * * *
You are lethally poisoned!
The orc hits you.
* * * LOW HITPOINT WARNING * * *
The orc wizard begins to cast a cantrip, but forgets the words!
* * * LOW HITPOINT WARNING * * *
You feel sick.
The orc priest looks more healthy.
The orc wizard casts a spell at you. The puff of flame hits you!
You die...

#..... #... .........
###.....
#...#..........#.......
#..#.#.........#.......
#.#._.#........#......#
#..#.#.................
#...#....##............
#......................
#..o@.......(...##...
#..o.............####
#..o#............####
#...#................
#...#................
#...#.......##.......
#...#.......##.......
#####.......##.......
##########.......


You could see an orc priest, an orc wizard (fast) and an orc.

Vanquished Creatures
  An orc wizard (D:3)
  Robin (D:2)
  4 adders
  An ooze (D:3)
  A worm (D:2)
  2 dart slugs (D:1)
  5 orcs (D:3)
  A ball python (D:3)
  13 bats
  A giant cockroach (D:1)
  13 goblins
  9 hobgoblins (D:1)
  3 jackals (D:1)
  2 frilled lizards
  7 kobolds
  8 rats
72 creatures vanquished.

Notes
Turn   | Place    | Note
-------+----------+-------------------------------------------
     0 | D:1      | kae the Naga Transmuter began the quest for the Orb.
     0 | D:1      | Reached XP level 1. HP: 18/18 MP: 3/3
   520 | D:1      | Reached XP level 2. HP: 25/25 MP: 3/5
  1290 | D:1      | Reached XP level 3. HP: 27/31 MP: 4/6
  2584 | D:2      | Reached XP level 4. HP: 20/38 MP: 7/7
  2589 | D:2      | Learned a level 3 spell: Spider Form
  2738 | D:2      | Noticed Robin
  3318 | D:2      | Killed Robin
  3904 | D:3      | Reached XP level 5. HP: 37/44 MP: 4/8
  4640 | D:3      | Found a faded altar of an unknown god.
  4656 | D:3      | Killed from afar by an orc wizard

Illustrated notes

Levels and vault maps discovered:
D:1:      dpeg_arrival_renting, layout_basic
D:2:      layout_basic, uniq_robin
D:3:      layout_basic, chequers_ecumenical_altar_simple_redux, feat_on_display

Skill      XL: |  1  2  3  4  5 |
---------------+----------------+-----
Transmutations | 3 4 |  4.0
Unarmed Combat | 4 |  4.7
Fighting       | |  1.0
Dodging        | |  1.5
Spellcasting   | |  2.0

Action                   |  1- 3 |  4- 6 || total
-------------------------+-------+-------++-------
Melee: Unarmed           |   117 |   112 ||   229
       Headbutt          |    13 |     2 ||    15
       Punch             |     2 |     1 ||     3
 Cast: Beastly Appendage |    20 |    12 ||    32
       Spider Form       |       |     8 ||     8
 Abil: Spit Poison       |     7 |     6 ||    13
  Use: Scroll            |     7 |     5 ||    12
       Potion            |       |     3 ||     3
 Stab: Sleeping          |       |     1 ||     1
Armor: Robe              |    37 |    27 ||    64
       Skin              |       |     3 ||     3
Dodge: Dodged            |    79 |   131 ||   210

Table legend: (Time is in decaauts)
 A = Elapsed time spent in this place.
 B = Non-inter-level travel time spent in this place.
 C = Inter-level travel time spent in this place.
 D = Time resting spent in this place.
 E = Time spent auto-exploring this place.
 F = Levels seen in this place.
 G = Mean time per level.
                   A        B        C        D        E       F      G
               +--------+--------+--------+--------+--------+-----+--------+
         Total |   5315 |   5198 |    117 |    484 |   4118 |   3 | 1771.7 |
       Dungeon |   5315 |   5198 |    117 |    484 |   4118 |   3 | 1771.7 |
               +--------+--------+--------+--------+--------+-----+--------+

Top non-repeatable levels by time:
     D:1: 2886 daAuts
     D:2: 1416 daAuts
     D:3: 1012 daAuts
